[Event "Titled Tuesday Blitz December 20 Early 2022"]
[White "kritipatel"]
[Black "fks_stal_mielec"]
[WhiteElo "2085"]
[BlackElo "2284"]
[Result "0-1"]
[Round "06"]
[TimeControl "180+2"]
[Date "2022.12.20"]
[WhiteClock "0:00:24"]
[BlackClock "0:00:45"]

1. e4 c5 2. d4 cxd4 3. c3 dxc3 4. Nxc3 Nc6 5. Nf3 e5 6. Bc4 Be7 7. Qd5 d6 8. Qxf7+ Kd7 9. Nb5 Qa5+ 10. Bd2 Qa4 11. O-O Nh6 12. Qxg7 Qxc4 13. Qxh8 Qxb5 14. Bxh6 b6 15. Rad1 Bb7 16. Qxh7 Qxb2 17. Bg5 Re8 18. Qf5+ Kc7 19. Qf7 Kd7 20. Bxe7 Rxe7 21. Qf5+ Kc7 22. Ng5 Qxa2 23. Ne6+ Qxe6 24. Qf3 Nd4 25. Rc1+ Kb8 26. Qc3 Ne2+ 27. Kh1 Nxc3 28. Rxc3 Bxe4 29. Rg3 Re8 30. h4 Rh8 31. Kg1 Rxh4 32. Rc1 Rg4 33. Rgc3 Rxg2+ 34. Kf1 Rg8 35. Rc7 Bd3+ 36. Ke1 Rg1+ 37. Kd2 Rxc1 38. Rxc1 Be4 39. Kc3 Qc8+ 40. Kb2 Qxc1+ 41. Kxc1 d5 42. Kd2 d4 43. Ke2 Kc7 44. f3 d3+ 45. Kd2 Bxf3 46. Kxd3 e4+ 47. Ke3 b5 48. Kd4 b4 49. Kc4 a5 50. Kb3 Kb6 51. Ka4 e3 52. Kb3 e2 53. Ka2 e1=Q 54. Kb2 Qc3+ 55. Ka2 b3+ 56. Ka3 b2+ 57. Ka2 Bd5+ 58. Kb1 Be4+ 59. Ka2 b1=Q# 0-1


[Site "https://www.chess.com"]

[Event "Titled Tuesday Blitz December 20 Early 2022"]
[White "larsmandreassen"]
[Black "Anata, Choudhury"]
[BlackFideId "10215026"]
[WhiteElo "2215"]
[BlackElo "2172"]
[Result "1-0"]
[Round "06"]
[TimeControl "180+2"]
[Date "2022.12.20"]
[WhiteClock "0:02:06"]
[BlackClock "0:00:58"]

1. d4 d5 2. Nf3 Nf6 3. c4 c6 4. Nc3 e6 5. Bg5 dxc4 6. e4 b5 7. e5 h6 8. Bh4 g5 9. exf6 gxh4 10. Ne5 Qxf6 11. Be2 Nd7 12. Nxc6 Bb7 13. Bf3 a6 14. d5 Rc8 15. O-O Bxc6 16. dxc6 Ne5 17. Ne4 Nxf3+ 18. gxf3 Qe7 19. Nf6+ Qxf6 20. Qd7# 1-0


[Site "https://www.chess.com"]

[Event "Titled Tuesday Blitz December 20 Early 2022"]
[White "manitodeplomo"]
[Black "VitorBronson"]
[WhiteElo "2639"]
[BlackElo "2459"]
[Result "1-0"]
[Round "06"]
[TimeControl "180+2"]
[Date "2022.12.20"]
[WhiteClock "0:00:32"]
[BlackClock "0:00:41"]

1. d4 d5 2. c4 c6 3. Nf3 Nf6 4. Nc3 e6 5. Bg5 Nbd7 6. e3 Qa5 7. Nd2 Bb4 8. Qc2 O-O 9. Rc1 Ne4 10. Ndxe4 dxe4 11. Bh4 f5 12. a3 Bd6 13. c5 Bb8 14. Bc4 Nf6 15. O-O Kh8 16. b4 Qc7 17. Bg3 Qf7 18. f3 Bxg3 19. hxg3 Qg6 20. Kf2 Nh5 21. Ne2 Bd7 22. Rh1 Rae8 23. Rh4 e5 24. Rch1 Nf6 25. dxe5 Rxe5 26. Nf4 Qe8 27. Qc3 g5 28. Rxh7+ Nxh7 29. Qxe5+ Qxe5 30. Ng6+ Kg7 31. Nxe5 Be8 32. f4 gxf4 33. gxf4 Nf6 34. Rd1 Bh5 35. Rd6 Ra8 36. a4 a5 37. b5 cxb5 38. axb5 a4 39. Rb6 Ra7 40. Kg3 Bd1 41. Kh4 Bb3 42. Kg5 Nh7+ 43. Kxf5 Bxc4 44. Nxc4 a3 45. Nxa3 Rxa3 46. Rxb7+ Kg8 47. c6 Nf8 48. c7 Rc3 49. b6 Nd7 50. Rb8+ Kf7 51. c8=Q Rxc8 52. Rxc8 Nxb6 53. Rc7+ Kf8 54. Kxe4 Nd5 55. Kxd5 1-0


[Site "https://www.chess.com"]

[Event "Titled Tuesday Blitz December 20 Early 2022"]
[White "maurovargas01"]
[Black "Zampronha, Wladimir Camilo"]
[BlackFideId "2103087"]
[WhiteElo "1920"]
[BlackElo "2176"]
[Result "0-1"]
[Round "06"]
[TimeControl "180+2"]
[Date "2022.12.20"]
[WhiteClock "0:01:16"]
[BlackClock "0:01:16"]

1. e4 c5 2. Nc3 e6 3. f4 Nc6 4. Nf3 d5 5. e5 Nge7 6. g4 h5 7. g5 Nf5 8. Bb5 Bd7 9. Bxc6 Bxc6 10. O-O b5 11. d3 Qb6 12. Ne2 d4 13. Ng3 Nxg3 14. hxg3 Be7 15. Kh2 O-O-O 16. a4 b4 17. Bd2 Kb8 18. a5 Qb7 19. c3 dxc3 20. bxc3 Rxd3 21. cxb4 Bxf3 22. a6 Bxd1 23. Rfxd1 Qf3 0-1


[Site "https://www.chess.com"]

[Event "Titled Tuesday Blitz December 20 Early 2022"]
[White "newyorkmouse"]
[Black "vovachesss"]
[WhiteElo "2457"]
[BlackElo "2756"]
[Result "1/2-1/2"]
[Round "06"]
[TimeControl "180+2"]
[Date "2022.12.20"]
[WhiteClock "0:01:58"]
[BlackClock "0:01:58"]

1. d4 d5 2. c4 c6 3. Nc3 Nf6 4. cxd5 cxd5 5. Bf4 Nc6 6. e3 Bf5 7. Nf3 e6 8. Bb5 Bb4 9. Qa4 O-O 10. Bxc6 Bxc3+ 11. bxc3 bxc6 12. O-O Ne4 13. Qxc6 Rc8 14. Qa6 Qb6 15. Qxb6 1/2-1/2


[Site "https://www.chess.com"]

[Event "Titled Tuesday Blitz December 20 Early 2022"]
[White "pedromartinez91"]
[Black "Rostolis, Riccardo"]
[BlackFideId "819948"]
[WhiteElo "2488"]
[BlackElo "1968"]
[Result "1-0"]
[Round "06"]
[TimeControl "180+2"]
[Date "2022.12.20"]
[WhiteClock "0:00:29"]
[BlackClock "0:00:01"]

1. d4 f5 2. e4 fxe4 3. Nc3 Nf6 4. Bg5 c6 5. f3 d5 6. Qe2 Bf5 7. g4 Bg6 8. h4 h6 9. Bxf6 exf6 10. fxe4 dxe4 11. Nxe4 Bxe4 12. Qxe4+ Qe7 13. Bd3 Nd7 14. Nf3 O-O-O 15. O-O-O Qxe4 16. Bxe4 Nb6 17. Bf5+ Kc7 18. Rhe1 Bd6 19. Bg6 Nd5 20. c4 Nf4 21. Bf5 Rhe8 22. h5 Bb4 23. Rxe8 Rxe8 24. a3 Bd6 25. Re1 Rxe1+ 26. Nxe1 Ne2+ 27. Kd2 Nxd4 28. Bg6 c5 29. Kd3 Nc6 30. Ke4 Ne5 31. b3 Nxg4 32. Nd3 Ne5 33. Nf4 Nxg6 34. Nxg6 Kd7 35. Kf5 a6 36. a4 b6 37. Nh4 Bg3 38. Nf3 Kd6 39. Nd2 Be1 40. Ne4+ Ke7 41. Kg6 Kf8 42. Nd6 Ke7 43. Nf5+ Ke6 44. Nxg7+ Ke5 45. Nf5 Bd2 46. Nxh6 Be3 47. Ng4+ 1-0


[Site "https://www.chess.com"]

[Event "Titled Tuesday Blitz December 20 Early 2022"]
[White "rasmussvane"]
[Black "GoltsevDmitry2000"]
[WhiteElo "2949"]
[BlackElo "2739"]
[Result "1-0"]
[Round "06"]
[TimeControl "180+2"]
[Date "2022.12.20"]
[WhiteClock "0:01:05"]
[BlackClock "0:00:31"]

1. Nf3 Nf6 2. g3 g6 3. Bg2 Bg7 4. O-O O-O 5. d4 d5 6. c4 c6 7. Qb3 Qb6 8. Nc3 dxc4 9. Qxc4 Nbd7 10. e4 e6 11. Qe2 a5 12. Rd1 Qa6 13. Qc2 b5 14. Be3 Bb7 15. Rac1 Rac8 16. Ne5 Nxe5 17. dxe5 Ng4 18. Bc5 Rfd8 19. f4 Bf8 20. Ne2 Bxc5+ 21. Qxc5 b4 22. Bf3 h5 23. h3 Nh6 24. Kf2 Qb5 25. Qxb5 cxb5 26. Rxd8+ Rxd8 27. Ke3 Rc8 28. Rxc8+ Bxc8 29. Kd4 Bd7 30. Kc5 Kf8 31. Nd4 Ng8 32. Nxb5 Ne7 33. Nd6 Nc6 34. Be2 Ke7 35. Bb5 Nb8 36. Bc4 Nc6 37. b3 f6 38. exf6+ Kxf6 39. e5+ Ke7 40. h4 Kd8 41. Bd3 Ne7 42. Kb6 a4 43. Kc5 Nd5 44. Bxg6 Nc3 45. bxa4 Nxa2 46. a5 b3 47. a6 Kc7 48. a7 Bc6 49. Be4 b2 50. Bxc6 b1=Q 51. Ne8+ Kd8 52. a8=Q+ Ke7 53. Qa7+ Kf8 54. Qg7# 1-0


[Site "https://www.chess.com"]

[Event "Titled Tuesday Blitz December 20 Early 2022"]
[White "romulocardoso"]
[Black "GP9isback23"]
[WhiteElo "2390"]
[BlackElo "2577"]
[Result "1-0"]
[Round "06"]
[TimeControl "180+2"]
[Date "2022.12.20"]
[WhiteClock "0:00:11"]
[BlackClock "0:00:02"]

1. e4 c5 2. Nf3 e6 3. d4 cxd4 4. Nxd4 Nf6 5. Bd3 Nc6 6. Nxc6 bxc6 7. O-O d5 8. e5 Nd7 9. Re1 Be7 10. Bf4 Nc5 11. Bf1 Ba6 12. Bxa6 Nxa6 13. c4 O-O 14. Nc3 Rb8 15. Qe2 Qb6 16. Rab1 Qb7 17. a3 Rfd8 18. b4 Rbc8 19. Rbd1 Nb8 20. Rd3 a5 21. Rh3 g6 22. bxa5 Qa6 23. Qd2 Qxc4 24. Bg5 Qc5 25. Bxe7 Qxe7 26. Qh6 f5 27. exf6 Qf7 28. Rxe6 Rd7 29. Rhe3 Qf8 30. Qg5 Rf7 31. Re7 Rxf6 32. Qh4 h6 33. Qg3 Rd8 34. R3e6 Kh8 35. Ne2 Rxe6 36. Rxe6 Re8 37. Qxg6 Rxe6 38. Qxe6 Kg7 39. Nd4 Qxa3 40. Nf5+ Kf8 41. Qxh6+ Ke8 42. Qe6+ Kd8 43. Qg8+ Kc7 44. Qf7+ Kc8 45. Qe8+ Kb7 46. Qf7+ Ka6 47. h4 Qc1+ 48. Kh2 Qf4+ 49. g3 Qxf2+ 50. Kh3 Qf1+ 51. Kg4 Qe2+ 52. Kg5 Qd2+ 53. Kg6 Qxa5 54. h5 d4 55. h6 d3 56. h7 d2 57. Qc4+ Qb5 58. Qa2+ Kb7 59. Qxd2 Qe5 60. Qh6 Qh8 61. Qg7+ Qxg7+ 62. Nxg7 1-0


[Site "https://www.chess.com"]

[Event "Titled Tuesday Blitz December 20 Early 2022"]
[White "sofaceindisguise"]
[Black "Djeno, Drago"]
[BlackFideId "14400421"]
[WhiteElo "2741"]
[BlackElo "2223"]
[Result "1-0"]
[Round "06"]
[TimeControl "180+2"]
[Date "2022.12.20"]
[WhiteClock "0:00:24"]
[BlackClock "0:00:02"]

1. e4 c5 2. Nf3 Nc6 3. Bb5 g6 4. Bxc6 bxc6 5. d3 Bg7 6. O-O e5 7. Nbd2 Ne7 8. Nc4 d6 9. a3 O-O 10. b4 cxb4 11. axb4 Be6 12. Na5 h6 13. Bd2 f5 14. c4 fxe4 15. dxe4 g5 16. Ne1 Qd7 17. Nc2 d5 18. exd5 cxd5 19. cxd5 Nxd5 20. Ne3 Rad8 21. Nxd5 Bxd5 22. Be3 Qf5 23. Qh5 Qe4 24. Qh3 Qxb4 25. Rfc1 a6 26. Bc5 Qe4 27. Bxf8 Rxf8 28. Qg3 Qf5 29. Nc4 Ba8 30. Ne3 Qd3 31. Rd1 Qe2 32. Re1 Qd2 33. Rad1 Qa2 34. Qg4 Qxf2+ 35. Kh1 Qf4 36. Qe6+ Kh8 37. Nd5 Qf2 38. h3 e4 39. Qxe4 Qc5 40. Qe3 Qc6 41. Re2 Rd8 42. Red2 a5 43. Kg1 Re8 44. Qf2 a4 45. Nb6 Rf8 46. Qe3 Bb7 47. Rd6 Qc2 48. R6d2 Qc6 49. Nd5 a3 50. Qxa3 Rd8 51. Qe3 Qd6 52. Nf6 1-0


[Site "https://www.chess.com"]

[Event "Titled Tuesday Blitz December 20 Early 2022"]
[White "stepanosinovsky"]
[Black "bennyficial"]
[WhiteElo "2443"]
[BlackElo "2145"]
[Result "1-0"]
[Round "06"]
[TimeControl "180+2"]
[Date "2022.12.20"]
[WhiteClock "0:00:03"]
[BlackClock "0:00:01"]

1. Nf3 d5 2. g3 Nf6 3. Bg2 c6 4. O-O Bg4 5. d3 Nbd7 6. Nbd2 e5 7. e4 dxe4 8. dxe4 Qc7 9. h3 Bxf3 10. Qxf3 Be7 11. Nc4 O-O 12. a4 a5 13. g4 Nc5 14. Re1 Ne6 15. c3 Nd7 16. Bf1 h6 17. Ne3 Ng5 18. Qg2 Nc5 19. Nf5 Nb3 20. Bxg5 hxg5 21. Rad1 g6 22. h4 gxf5 23. gxf5 Kh7 24. hxg5 Bxg5 25. Rd3 Bh6 26. Rg3 Rg8 27. Bc4 Nc5 28. Kf1 Qe7 29. Ke2 Rad8 30. Rh1 Rd2+ 31. Kf3 Qf6 32. Rxg8 Rxf2+ 33. Kxf2 Nxe4+ 34. Qxe4 Kxg8 35. Qg4+ Kf8 36. Rd1 1-0


[Site "https://www.chess.com"]

[Event "Titled Tuesday Blitz December 20 Early 2022"]
[White "szachuspl"]
[Black "Sovetov, Oleksandr"]
[BlackFideId "34105786"]
[WhiteElo "2642"]
[BlackElo "1976"]
[Result "1-0"]
[Round "06"]
[TimeControl "180+2"]
[Date "2022.12.20"]
[WhiteClock "0:00:29"]
[BlackClock "0:00:01"]

1. d4 Nf6 2. c4 e6 3. Nf3 c5 4. d5 d6 5. Nc3 exd5 6. cxd5 g6 7. e4 Bg7 8. h3 O-O 9. Bd3 b5 10. Bxb5 Nxe4 11. Nxe4 Qa5+ 12. Nfd2 Qxb5 13. Nxd6 Qa6 14. N2c4 Nd7 15. O-O Ne5 16. Nxe5 Bxe5 17. Nxc8 Raxc8 18. Re1 Bd4 19. Qe2 Qxe2 20. Rxe2 Rfd8 21. Bf4 Rxd5 22. Rc1 c4 23. Rec2 Kg7 24. g4 h5 25. Kg2 a5 26. Kf3 Bf6 27. Be3 hxg4+ 28. hxg4 a4 29. Rxc4 Rxc4 30. Rxc4 Ra5 31. Rb4 a3 32. b3 Bb2 33. Bd4+ Kf8 34. Ra4 Rd5 35. Be3 Ke7 36. Ra7+ Ke6 37. Ra6+ Kd7 38. b4 Rd1 39. Ra7+ Kc6 40. Rxf7 Ra1 41. Ra7 Rxa2 42. Ra6+ Kb5 43. Rxg6 Ra1 44. Rb6+ Ka4 45. Ra6+ Kb3 46. b5 a2 47. b6 Rb1 48. b7 Be5 49. Bd4 Bb8 50. g5 Rd1 51. Bf6 Rd5 52. Ra8 Rf5+ 53. Ke2 Rxf6 54. gxf6 1-0


[Site "https://www.chess.com"]

[Event "Titled Tuesday Blitz December 20 Early 2022"]
[White "tortorchess"]
[Black "Sunny_Star"]
[WhiteElo "1836"]
[BlackElo "2241"]
[Result "1-0"]
[Round "06"]
[TimeControl "180+2"]
[Date "2022.12.20"]
[WhiteClock "0:00:44"]
[BlackClock "0:00:02"]

1. d4 Nf6 2. c4 g6 3. Nc3 Bg7 4. Bf4 d6 5. Nf3 Nbd7 6. e3 c6 7. Be2 Qc7 8. O-O O-O 9. Rc1 Nh5 10. Bg5 Re8 11. b4 h6 12. Bh4 a5 13. b5 e5 14. dxe5 dxe5 15. a4 Nc5 16. e4 Nf4 17. bxc6 bxc6 18. Bg3 Rd8 19. Qc2 Nce6 20. Na2 c5 21. Rfd1 Bb7 22. Nc3 Nd4 23. Nxd4 cxd4 24. Nb5 Qc6 25. Bxf4 exf4 26. Bf3 Qc5 27. Qd3 Rac8 28. Qb3 Bc6 29. h3 Bf8 30. Bg4 Rb8 31. Bf3 Bg7 32. Rd3 Rd7 33. Rcd1 Rbd8 34. Qc2 Qe5 35. Qd2 Bxe4 36. Bxe4 Qxe4 37. Qxa5 1-0


[Site "https://www.chess.com"]

[Event "Titled Tuesday Blitz December 20 Early 2022"]
[White "tusplingher"]
[Black "Mileo, Miguelito"]
[BlackFideId "851108"]
[WhiteElo "2362"]
[BlackElo "1721"]
[Result "1-0"]
[Round "06"]
[TimeControl "180+2"]
[Date "2022.12.20"]
[WhiteClock "0:00:15"]
[BlackClock "0:00:51"]

1. e4 c5 2. Nf3 Qc7 3. d4 cxd4 4. Nxd4 a6 5. Nc3 Nf6 6. Be2 e5 7. Nf3 Bb4 8. O-O Bxc3 9. bxc3 Nxe4 10. Ba3 d6 11. Qd5 Nxc3 12. Qd2 Nxe2+ 13. Qxe2 O-O 14. Rad1 Rd8 15. Bxd6 Qb6 16. Bc5 Qa5 17. Qe1 Qc7 18. Qxe5 Qa5 19. Be7 Rxd1 20. Qxa5 Rxf1+ 21. Kxf1 Nc6 22. Qc7 Be6 23. Qxb7 Bc4+ 24. Ke1 Re8 25. Qxc6 Rxe7+ 26. Kd2 Bb5 27. Qc8+ Re8 28. Qc5 f6 29. Nd4 Bf1 30. Qd5+ Kh8 31. Qf7 Rd8 32. Ke3 Bxg2 33. Ne6 Rg8 34. c4 Bc6 35. c5 Be8 36. Qe7 Bc6 37. Qd6 Rc8 38. Nd8 1-0


[Site "https://www.chess.com"]

[Event "Titled Tuesday Blitz December 20 Early 2022"]
[White "wonderfultime"]
[Black "Nakamura, Hikaru"]
[BlackFideId "2016192"]
[WhiteElo "3066"]
[BlackElo "2775"]
[Result "1-0"]
[Round "06"]
[TimeControl "180+2"]
[Date "2022.12.20"]
[WhiteClock "0:00:06"]
[BlackClock "0:00:05"]

1. d4 Nf6 2. Nf3 d5 3. Bf4 Bf5 4. e3 e6 5. Bd3 Bxd3 6. Qxd3 c5 7. O-O Nc6 8. c3 Bd6 9. Bg5 Qc7 10. Nbd2 Be7 11. Rfe1 Rd8 12. Rad1 O-O 13. Bxf6 gxf6 14. a3 f5 15. dxc5 Bxc5 16. b4 Be7 17. c4 a5 18. b5 Na7 19. Qb3 Nc8 20. cxd5 Rxd5 21. e4 fxe4 22. Nxe4 Rfd8 23. Rxd5 Rxd5 24. a4 Nb6 25. g3 Qc4 26. Qe3 Nxa4 27. Qh6 Nc3 28. Neg5 Qd3 29. Nxe6 Qg6 30. Qe3 Rd3 31. Qf4 fxe6 32. Ne5 Rd1 33. Rxd1 Ne2+ 34. Kf1 Nxf4 35. Nxg6 Nxg6 36. b6 Ne5 37. f4 Nc4 38. Rd7 Kf7 39. Rxb7 Nd6 40. Ra7 Nc8 41. b7 Nxa7 42. b8=Q Nc6 43. Qb5 Nd4 44. Qxa5 Nf5 45. Qb5 h5 46. Kg2 Ne3+ 47. Kf3 Nf5 48. Qd7 Ng7 49. h3 Ne8 50. g4 Nf6 51. Qd3 hxg4+ 52. hxg4 Kg7 53. Qb3 Nd5 54. Qb2+ Kf7 55. g5 Bf8 56. Qb7+ Ne7 57. Kg4 Bg7 58. Kh5 Bd4 59. Qd7 Bg7 60. g6+ Kf6 61. Qd4+ Kf5 62. Qxg7 1-0


[Site "https://www.chess.com"]

[Event "Titled Tuesday Blitz December 20 Early 2022"]
[White "APOKALIPSA13"]
[Black "stepanosinovsky"]
[WhiteElo "2220"]
[BlackElo "2443"]
[Result "0-1"]
[Round "07"]
[TimeControl "180+2"]
[Date "2022.12.20"]
[WhiteClock "0:00:25"]
[BlackClock "0:01:37"]

1. e4 e5 2. d4 exd4 3. c3 d5 4. exd5 Qxd5 5. cxd4 Nc6 6. Nf3 Bg4 7. Be2 O-O-O 8. Nc3 Qd7 9. d5 Bxf3 10. Bxf3 Ne5 11. Be2 Bb4 12. O-O Ne7 13. Be3 Bxc3 14. bxc3 Nxd5 15. Bd4 Rhe8 16. Qb3 Nf4 17. Bb5 Qg4 18. g3 Nh3+ 19. Kg2 Nf4+ 20. Kg1 Nf3+ 21. Kh1 Qh3 0-1


[Site "https://www.chess.com"]

[Event "Titled Tuesday Blitz December 20 Early 2022"]
[White "Aishath, Aika"]
[Black "bazar-wokzal"]
[WhiteFideId "16702026"]
[WhiteElo "2770"]
[BlackElo "2582"]
[Result "1-0"]
[Round "07"]
[TimeControl "180+2"]
[Date "2022.12.20"]
[WhiteClock "0:00:26"]
[BlackClock "0:00:10"]

1. d4 Nf6 2. c4 Nc6 3. f3 e5 4. d5 Ne7 5. g4 Ng6 6. h4 h6 7. Nc3 Bc5 8. e3 d6 9. Bd3 c6 10. Nge2 cxd5 11. cxd5 Bd7 12. Bxg6 fxg6 13. Qd3 Kf7 14. Bd2 b5 15. Ng3 Qb6 16. h5 g5 17. Nce4 Nxe4 18. Qxe4 Rhf8 19. O-O-O a5 20. Kb1 a4 21. Bb4 Bxe3 22. Bxd6 Qxd6 23. Qxe3 b4 24. Ne4 Qa6 25. d6 Kg8 26. Nc5 Qa7 27. Qxe5 Rae8 28. Qd5+ Kh8 29. Rhe1 Bb5 30. Rxe8 Rxe8 31. d7 Rd8 32. Qe5 Qb6 33. Rd6 Qb8 34. Rxh6+ Kg8 35. Qe6+ 1-0


[Site "https://www.chess.com"]

[Event "Titled Tuesday Blitz December 20 Early 2022"]
[White "AldokhinIvan"]
[Black "Tobias_Koelle"]
[WhiteElo "2572"]
[BlackElo "2779"]
[Result "0-1"]
[Round "07"]
[TimeControl "180+2"]
[Date "2022.12.20"]
[WhiteClock "0:00:04"]
[BlackClock "0:01:22"]

1. e4 d6 2. Nc3 Nf6 3. d4 Nbd7 4. Nf3 e5 5. Bc4 Be7 6. g4 exd4 7. Qxd4 c5 8. Bxf7+ Kxf7 9. Qc4+ Ke8 10. g5 Ng4 11. Nd5 Rf8 12. Qe2 Nge5 13. Nxe5 Nxe5 14. f4 Nc6 15. Qh5+ Rf7 16. Qxh7 Be6 17. Be3 Kd7 18. O-O-O Qa5 19. Nxe7 Rxe7 20. f5 Bxa2 21. Qg6 Bf7 22. Qxd6+ Ke8 23. g6 Bg8 24. Bg5 Rd8 25. Qxd8+ Nxd8 26. Bxe7 Kxe7 27. e5 Nc6 28. Rd6 Qa1+ 29. Kd2 Qxh1 30. f6+ gxf6 31. exf6+ Kxd6 32. f7 Qxh2+ 0-1


[Site "https://www.chess.com"]

[Event "Titled Tuesday Blitz December 20 Early 2022"]
[White "Alexei_Gubajdullin"]
[Black "Sapon, Ilia"]
[BlackFideId "13504746"]
[WhiteElo "2625"]
[BlackElo "2074"]
[Result "0-1"]
[Round "07"]
[TimeControl "180+2"]
[Date "2022.12.20"]
[WhiteClock "0:00:59"]
[BlackClock "0:00:16"]

1. d4 Nf6 2. Nf3 c5 3. e3 g6 4. b3 Bg7 5. Bb2 b6 6. Be2 Bb7 7. O-O O-O 8. c4 cxd4 9. exd4 d5 10. Ne5 Nc6 11. Bf3 Rc8 12. Nd2 Rc7 13. cxd5 Nxe5 14. dxe5 Nxd5 15. Rc1 Rxc1 16. Qxc1 Qb8 17. Nc4 Rc8 18. Qg5 h6 19. Qh4 g5 20. Qg4 Nf4 21. h4 Bxf3 22. Qxf3 b5 23. hxg5 hxg5 24. Na5 Qb6 25. b4 Rc2 26. Bc1 Ne2+ 27. Kh1 Qh6+ 28. Qh3 Qxh3+ 29. gxh3 Rxc1 30. Rxc1 Nxc1 31. Nc6 Nxa2 32. Nxe7+ Kf8 33. Nc6 Ke8 34. Nxa7 Nxb4 35. Nxb5 Bxe5 36. Kg2 Kd7 37. Kf3 Kc6 38. Na3 f5 39. Nc4 Kd5 40. Ne3+ Ke6 41. Ng2 Nd5 42. h4 g4+ 43. Ke2 Nf4+ 44. Kf1 Nxg2 45. Kxg2 f4 46. f3 g3 47. Kh3 Kf5 48. Kg2 Kg6 49. Kh3 Kh5 50. Kg2 Kxh4 51. Kh1 Kh3 52. Kg1 Bd4+ 53. Kf1 g2+ 54. Ke2 Kg3 55. Kd3 g1=Q 56. Ke4 Qe3+ 57. Kf5 Kxf3 58. Kg6 Ke2 59. Kh7 f3 60. Kg6 f2 61. Kh7 f1=Q 62. Kg6 Qg3+ 63. Kh6 Qf6+ 64. Kh7 Qgg7# 0-1


[Site "https://www.chess.com"]

[Event "Titled Tuesday Blitz December 20 Early 2022"]
[White "Alphafischer2019"]
[Black "Ducrest, Pierre"]
[BlackFideId "1303627"]
[WhiteElo "2543"]
[BlackElo "2004"]
[Result "0-1"]
[Round "07"]
[TimeControl "180+2"]
[Date "2022.12.20"]
[WhiteClock "0:00:01"]
[BlackClock "0:00:54"]

1. Nf3 d5 2. g3 c6 3. Bg2 Bg4 4. O-O Nd7 5. c4 Bxf3 6. Bxf3 Ne5 7. cxd5 Nxf3+ 8. exf3 Qxd5 9. Nc3 Qd3 10. Re1 e6 11. Qb3 O-O-O 12. Re3 Qd7 13. Ne4 Nf6 14. Qa4 Qd4 15. Qxd4 Rxd4 16. b3 Be7 17. Bb2 Rd5 18. Rd1 Rhd8 19. Bc3 Ne8 20. h4 h6 21. d4 Nd6 22. a4 Nf5 23. Red3 e5 24. Bb2 exd4 25. Kg2 h5 26. Nd2 c5 27. Rc1 b6 28. Ne4 Kb7 29. Ba3 R5d7 30. Rc2 g6 31. Bc1 Nd6 32. Nd2 Bf6 33. Bb2 Re8 34. b4 Rc8 35. bxc5 bxc5 36. Rb3+ Ka8 37. Nc4 Nxc4 38. Rxc4 Rb7 39. Rb5 Rxb5 40. axb5 Kb7 41. g4 Kb6 42. g5 Bg7 43. Ra4 c4 44. Ra6+ Kxb5 45. Rxa7 c3 46. Bc1 d3 47. Rd7 d2 48. Bxd2 cxd2 49. Rxd2 Kc6 50. Rc2+ Kd7 51. Ra2 Rc4 52. Ra7+ Ke6 53. Kh3 Be5 54. Ra8 Rf4 55. Ra3 Kf5 56. Rd3 f6 0-1


[Site "https://www.chess.com"]

[Event "Titled Tuesday Blitz December 20 Early 2022"]
[White "Andrei_Skvortsov"]
[Black "Aza, Saulo"]
[BlackFideId "4410394"]
[WhiteElo "2717"]
[BlackElo "1667"]
[Result "1-0"]
[Round "07"]
[TimeControl "180+2"]
[Date "2022.12.20"]
[WhiteClock "0:00:23"]
[BlackClock "0:00:01"]

1. c4 c5 2. Nf3 b6 3. d4 cxd4 4. Qxd4 Bb7 5. Nc3 Nf6 6. e3 g6 7. Be2 Bg7 8. O-O O-O 9. Qh4 d6 10. Rd1 Nbd7 11. Nd4 Rc8 12. b3 a6 13. Bb2 Nc5 14. Bf3 Bxf3 15. gxf3 Qd7 16. Rac1 Ne6 17. Nd5 Nxd5 18. cxd5 Nxd4 19. Bxd4 Bxd4 20. Qxd4 b5 21. Qe4 Rfe8 22. Rc6 Rxc6 23. dxc6 Qc7 24. Rc1 e6 25. f4 d5 26. Qe5 Qxe5 27. fxe5 Rc8 28. c7 Kf8 29. b4 Ke7 30. Rc6 Kd7 31. Rxa6 Rxc7 32. Rb6 Rc2 33. Rb7+ Ke8 34. Rb8+ Ke7 35. a3 Ra2 36. Ra8 g5 37. h3 h5 38. Kg2 g4 39. h4 Kd7 40. Ra7+ Ke8 41. Kg3 Kf8 42. Ra8+ Kg7 43. Ra5 Kg6 44. Rxb5 Rxa3 45. Kg2 Ra2 46. Rb8 Kg7 47. b5 Rb2 48. b6 Kh7 49. Kg3 Kg6 50. b7 Kf5 51. Rh8 Rxb7 52. Rxh5+ Ke4 53. Kxg4 Rb1 54. Rh7 Rg1+ 55. Kh3 Kxe5 56. Rxf7 Ke4 57. Kh2 Rg8 58. Kh3 e5 59. h5 d4 60. exd4 exd4 61. Kh4 d3 62. h6 Rg1 63. Kh5 1-0


[Site "https://www.chess.com"]

[Event "Titled Tuesday Blitz December 20 Early 2022"]
[White "Andrii_Prydun"]
[Black "Coda, Carlos"]
[BlackFideId "110329"]
[WhiteElo "2387"]
[BlackElo "1971"]
[Result "1-0"]
[Round "07"]
[TimeControl "180+2"]
[Date "2022.12.20"]
[WhiteClock "0:01:44"]
[BlackClock "0:01:00"]

1. e4 c5 2. Nf3 d6 3. c3 Nf6 4. h3 Nc6 5. Bd3 g6 6. Bc2 Bg7 7. O-O O-O 8. d4 cxd4 9. cxd4 d5 10. e5 Ne4 11. Nc3 Nxc3 12. bxc3 e6 13. Ne1 Bd7 14. Nd3 Rc8 15. Ba3 Re8 16. Rb1 Na5 17. Bb4 Bf8 18. Bxf8 Rxf8 19. Qd2 Kg7 20. Rfc1 Nc4 21. Qe1 b6 22. Bd1 Qh4 23. Kh2 Rc7 24. g3 Qe7 25. h4 Rfc8 26. h5 Qg5 27. f4 Qe7 28. Nf2 b5 29. Ng4 a5 30. Nf6 Na3 31. Rb2 b4 32. hxg6 hxg6 33. Kg1 Rxc3 34. Rxc3 bxc3 35. Rh2 Rh8 36. Qxc3 Rxh2 37. Kxh2 Nc4 38. g4 Qd8 39. Qh3 Kf8 40. Qh8+ Ke7 41. Ng8+ Kf8 42. Nh6+ Ke7 43. Qf6+ Ke8 44. Qxf7# 1-0


[Site "https://www.chess.com"]

[Event "Titled Tuesday Blitz December 20 Early 2022"]
[White "Arnaldofdelavaramulet"]
[Black "Al-Kailani, Zaid"]
[BlackFideId "8100187"]
[WhiteElo "2648"]
[BlackElo "2053"]
[Result "0-1"]
[Round "07"]
[TimeControl "180+2"]
[Date "2022.12.20"]
[WhiteClock "0:00:02"]
[BlackClock "0:00:28"]

1. Nf3 d5 2. c4 d4 3. g3 Nc6 4. Bg2 e5 5. O-O f5 6. d3 Nf6 7. Bg5 Be7 8. Nbd2 O-O 9. Ne1 h6 10. Bxf6 Bxf6 11. Nc2 a5 12. a3 a4 13. Rb1 Qd6 14. Re1 Na5 15. Nb4 c6 16. Qxa4 Be6 17. Qc2 Rfe8 18. Na2 b6 19. b4 Nb7 20. c5 bxc5 21. bxc5 Qxc5 22. Qxc5 Nxc5 23. Nb4 Rxa3 24. Rec1 Na4 25. Bxc6 Rd8 26. Nc4 Bxc4 27. Rxc4 Nc3 28. Rb2 e4 29. Kg2 e3 30. Nc2 Ra6 31. Kf3 exf2 32. Kg2 Nd1 33. Rb7 Ne3+ 34. Nxe3 dxe3 35. Rc1 Ra2 36. Kf3 Rc2 0-1


[Site "https://www.chess.com"]

[Event "Titled Tuesday Blitz December 20 Early 2022"]
[White "Arora, Tashika"]
[Black "Witek, Tomasz"]
[WhiteFideId "459305"]
[BlackFideId "1130056"]
[WhiteElo "1896"]
[BlackElo "2000"]
[Result "1/2-1/2"]
[Round "07"]
[TimeControl "180+2"]
[Date "2022.12.20"]
[WhiteClock "0:00:10"]
[BlackClock "0:00:05"]

1. c4 e6 2. Nc3 d5 3. d4 Nf6 4. cxd5 exd5 5. Bg5 c6 6. e3 Nbd7 7. Bd3 Be7 8. Nge2 Nh5 9. Bxe7 Qxe7 10. Qd2 g6 11. f3 f5 12. O-O O-O 13. e4 fxe4 14. fxe4 dxe4 15. Nxe4 Nb6 16. Rxf8+ Qxf8 17. Rf1 Qe7 18. N2c3 Bf5 19. Nc5 Bxd3 20. Qxd3 Re8 21. a4 Nf6 22. a5 Nbd5 23. Nxd5 Nxd5 24. Qb3 b6 25. axb6 axb6 26. Na4 Qh4 27. Qc4 Kg7 28. Qxc6 Qxd4+ 29. Kh1 Rf8 30. Rg1 Nf6 31. Nxb6 Ng4 32. h3 Nf2+ 33. Kh2 Qf4+ 34. g3 Qd2 35. Qd7+ Qxd7 36. Nxd7 Rd8 37. Nc5 Rd2 38. Rg2 Rxb2 39. Ne4 Nd1 40. Rxb2 Nxb2 41. g4 Nd3 42. Kg3 Kf7 43. h4 Kg7 44. Ng5 Nc5 45. Nf3 Kf6 46. Kf4 Ne6+ 47. Ke4 h6 48. Nd2 Nc5+ 49. Kf4 Ne6+ 50. Kg3 Ke5 51. Nf3+ Kf6 52. Nd2 Ke5 53. Nf3+ Ke4 54. Nd2+ Ke5 1/2-1/2


[Site "https://www.chess.com"]